 Dungeon Crawl Stone Soup version 0.18.1-5-g4a78601 (webtiles) character file.

6367 Mefis the Thaumaturge (level 10, -5/53 HPs)
             Began as a Deep Elf Wizard on May 14, 2016.
             Was a Priest of Sif Muna.
             Slain by an unseen horror (9 damage)
             ... on level 10 of the Dungeon.
             The game lasted 00:57:02 (16785 turns).

Mefis the Thaumaturge (Deep Elf Wizard)            Turns: 16785, Time: 00:57:03

Health: -5/53      AC:  4    Str:  4    XL:     10   Next: 65%
Magic:  17/23      EV: 14    Int: 27    God:    Sif Muna [***...]
Gold:   382        SH:  4    Dex: 13    Spells: 7 memorised, 14 levels left

rFire  . . .     SeeInvis .     V - -3 dagger (curse)
rCold  . . .     Gourm    .     F - +0 robe
rNeg   . . .     Faith    .     (no shield)
rPois  .         Spirit   .     P - +2 hat
rElec  .         Dismiss  .     (no cloak)
rCorr  .         Reflect  +     (no gloves)
SustAt .         Harm     .     S - +0 pair of boots
MR     +....                    R - +4 amulet of reflection
Stlth  +++.......               x - ring of fire
                                f - ring of ice

@: very slightly contaminated, repel missiles, invisible, somewhat resistant to
hostile enchantments, fairly stealthy
A: hooves 1, blink, deformed body, low mp 1, wild magic 1
a: Blink, Channel Energy, Renounce Religion


You were on level 10 of the Dungeon.
You worshipped Sif Muna.
Sif Muna was most pleased with you.
You were hungry.

You visited 3 branches of the dungeon, and saw 12 of its levels.

You collected 382 gold pieces.

Inventory:

Hand Weapons
 a - a +2 dagger of chaos
 V - a cursed -3 dagger (weapon)
 X - a +0 blowgun
Missiles
 i - a throwing net
 s - 40 poisoned needles
 W - 4 tomahawks of returning (quivered)
Armour
 e - a troll hide
 F - a +0 robe (worn)
 P - a +2 hat (worn)
 S - a +0 pair of boots (worn)
Magical Staves
 E - an uncursed staff of poison
Jewellery
 f - a ring of ice (left hand)
 j - an uncursed ring of flight
 x - a ring of fire (right hand)
 K - an uncursed ring of protection from fire
 R - a +4 amulet of reflection (around neck)
Wands
 o - a wand of iceblast (9/15)
 w - a wand of confusion (24/48)
 y - a wand of disintegration (10/24)
Scrolls
 g - a scroll of identify
 I - 2 scrolls of fog {unknown}
 J - a scroll of noise {unknown}
 O - 4 scrolls of magic mapping {unknown}
Potions
 l - a potion of agility {unknown}
 m - a potion of ambrosia {unknown}
 n - 2 potions of might {unknown}
 r - 2 potions of curing
 t - a potion of invisibility
 B - a potion of resistance {unknown}
 C - 4 potions of flight
 D - 2 potions of mutation {unknown}
 L - 2 potions of brilliance {unknown}
 U - 3 potions of heal wounds {unknown}
 Y - a potion of haste {unknown}
 Z - a potion of degeneration {unknown}
Books
 c - a book of Minor Magic

   Spells                             Type                      Level
   a - Magic Dart                     Conjuration                  1
   b - Blink                          Translocation                2
   c - Call Imp                       Summoning                    2
   d - Repel Missiles                 Charms/Air                   2
   e - Slow                           Hexes                        2
   f - Conjure Flame                  Conjuration/Fire             3
   g - Mephitic Cloud                 Conjuration/Poison/Air       3
Comestibles
 d - 3 bread rations
 p - 2 slices of pizza
 u - 3 beef jerkies
 z - 6 meat rations
 A - 13 fruits
 T - 9 royal jellies


   Skills:
 + Level 1.9 Fighting
 + Level 2.3 Short Blades
 * Level 4.8 Armour
 - Level 4.7 Dodging
 - Level 4.3 Stealth
 * Level 10.1 Spellcasting
 + Level 5.5 Conjurations
 + Level 3.7 Hexes
 + Level 4.0 Charms
 + Level 4.2 Summonings
 + Level 3.3 Translocations
 + Level 5.1 Fire Magic
 + Level 6.4 Poison Magic
 * Level 4.2 Invocations


You had 14 spell levels left.
You knew the following spells:

 Your Spells              Type           Power        Failure   Level  Hunger
a - Magic Dart            Conj           ####         1%          1    None
b - Call Imp              Summ           #####...     2%          2    None
c - Blink                 Tloc           N/A          3%          2    None
d - Repel Missiles        Chrm/Air       ####..       4%          2    None
e - Mephitic Cloud        Conj/Pois/Air  #####...     4%          3    None
f - Conjure Flame         Conj/Fire      ######..     2%          3    None
g - Slow                  Hex            #####...     2%          2    None


Dungeon Overview and Level Annotations

Branches:
Dungeon (10/15)            Temple (1/1) D:6            Lair (1/8) D:9
    Orc: D:9-12

Altars:
Ashenzari
Cheibriados
Dithmenos
Elyvilon
Fedhas
Gozag
Kikubaaqudgha
Makhleb
Nemelex Xobeh
Okawaru
Pakellas
Qazlal
Ru
Sif Muna
Trog
Vehumet
Xom
Yredelemnul
Zin
The Shining One

Shops:
D:5 (   D:7 %

Annotations:
D:5 artefact 460
D:7 anything's ghost, novice TrFi


Innate Abilities, Weirdness & Mutations

You have large cloven feet.
You can translocate small distances at will.
Armour fits poorly on your strangely shaped body.
Your magical capacity is low (-10% MP).
Your spells are a little harder to cast, but a little more powerful.


Message History

Okay, then.
Something hits you.
* * * LOW HITPOINT WARNING * * *
Something hits you!
* * * LOW HITPOINT WARNING * * *
Drink which item? (? for menu, Esc to quit)
Okay, then.
Read which item? (? for menu, Esc to quit)
Okay, then.
Drink which item? (? for menu, Esc to quit)
You fade into invisibility!
Something barely misses you.
You are very lightly contaminated with residual magic.
Something closely misses you. Something hits you but does no damage.
Casting: Mephitic Cloud
Confirm with . or Enter, or press ? or * to list all spells.
You blink.
Something hits you!
You die...

#....... ..# #......Y
..# #....... ..# ##.#
#....### #..# #..##
##...## #..# #...#
##....## # #..####...##
##......# #
#.........####.......##
##
#......@.........##...##
.##
##.............######..#
..### #.....####....##
##.. ....######>..###
###### ##.
##.....)...)## ##
####....).## # ########
#########


There were no monsters in sight!

Vanquished Creatures
  A gargoyle (D:10)
  2 trolls
  A two-headed ogre (D:8)
  A wyvern (D:9)
  Sigmund (D:2)
  2 hungry ghosts (D:8)
  2 soldier ants (D:9)
  2 ice beasts
  An eye of draining (D:8)
  2 sky beasts
  A wasp (D:9)
  3 ogres
  An orc warrior (D:6)
  A phantom (D:8)
  A crocodile (D:9)
  7 centaurs
  3 giant frogs
  2 big kobolds
  A water moccasin zombie (D:8)
  6 jellies
  3 scorpions
  6 killer bees
  3 howler monkeys (D:8)
  3 crimson imps
  2 quasits
  3 centaur zombies
  5 iguanas
  8 orc wizards
  8 orc priests
  2 hounds
  2 giant frog skeletons
  Ijyb (D:2)
  4 centaur skeletons
  9 worker ants
  3 worker ant zombies
  2 gnolls (D:2)
  15 adders
  2 shadow imps
  4 adder skeletons
  A worm (D:2)
  3 dart slugs
  7 giant geckos
  45 orcs
  5 bats
  10 giant cockroaches
  6 goblins
  5 hobgoblins
  8 jackals
  6 quokkas
  3 ball pythons
  A giant gecko skeleton (D:6)
  2 giant gecko zombies (D:6)
  3 giant newts
  A jackal skeleton (D:4)
  19 kobolds
  A quokka skeleton (D:4)
  12 rats
264 creatures vanquished.

Vanquished Creatures (collateral kills)
  A hell hound (D:8)
  A scorpion (D:8)
  2 gnolls (D:2)
  2 worms (D:4)
  2 orcs (D:3)
8 creatures vanquished.

Vanquished Creatures (others)
  A quokka (D:2)
  A kobold (D:9)
2 creatures vanquished.

Grand Total: 274 creatures vanquished

Notes
Turn   | Place    | Note
--------------------------------------------------------------
     0 | D:1      | Mefis the Deep Elf Wizard began the quest for the Orb.
     0 | D:1      | Reached XP level 1. HP: 10/10 MP: 7/7
   328 | D:1      | Reached skill level 5 in Spellcasting
   328 | D:1      | Reached XP level 2. HP: 15/15 MP: 7/10
   355 | D:1      | Learned a level 2 spell: Call Imp
   358 | D:1      | Learned a level 2 spell: Blink
   361 | D:1      | Learned a level 2 spell: Repel Missiles
  1198 | D:2      | Reached XP level 3. HP: 19/19 MP: 2/11
  1203 | D:2      | Learned a level 3 spell: Mephitic Cloud
  1622 | D:2      | Reached XP level 4. HP: 4/24 MP: 1/13
  1777 | D:2      | Learned a level 3 spell: Conjure Flame
  1942 | D:2      | Noticed Sigmund
  1961 | D:2      | Killed Sigmund
  1961 | D:2      | Reached XP level 5. HP: 28/28 MP: 1/15
  2136 | D:2      | Noticed Ijyb
  2146 | D:2      | Killed Ijyb
  2341 | D:2      | Found a stormy altar of Qazlal.
  2582 | D:2      | Found a white marble altar of Elyvilon.
  2597 | D:2      | Learned a level 2 spell: Slow
  2601 | D:2      | Reached XP level 6. HP: 30/32 MP: 10/16
  3098 | D:3      | Reached skill level 1 in Fire Magic
  3721 | D:3      | Found an iron altar of Okawaru.
  3721 | D:3      | Found an oddly glowing altar of Pakellas.
  3763 | D:3      | Found a blossoming altar of Fedhas.
  3913 | D:3      | Found a burning altar of Makhleb.
  3913 | D:3      | Found a shimmering altar of Xom.
  3919 | D:3      | Reached skill level 6 in Spellcasting
  4720 | D:3      | Reached XP level 7. HP: 14/36 MP: 8/18
  5823 | D:4      | Found a sparkling altar of Nemelex Xobeh.
  6099 | D:5      | Entered Level 5 of the Dungeon
  6158 | D:5      | Reached skill level 7 in Spellcasting
  6318 | D:5      | Gained mutation: Your spells are a little harder to cast, but a little more powerful. [mutagenic meat]
  6319 | D:5      | Gained mutation: You can translocate small distances at will. [mutagenic meat]
  6350 | D:5      | Reached skill level 1 in Armour
  6547 | D:5      | Reached XP level 8. HP: 41/41 MP: 7/21
  6738 | D:5      | Found Axebeid's Antique Weapon Emporium.
  7115 | D:5      | Found a snail-covered altar of Cheibriados.
  7162 | D:5      | Found an iron altar of Okawaru.
  7651 | D:5      | Found an ancient bone altar of Kikubaaqudgha.
  8219 | D:6      | Reached skill level 5 in Poison Magic
  8356 | D:6      | Found a glowing golden altar of the Shining One.
  8391 | D:6      | Reached skill level 8 in Spellcasting
  8642 | D:6      | Found a staircase to the Ecumenical Temple.
  8657 | D:6      | Got a faintly humming leather armour
  8665 | Temple   | Entered the Ecumenical Temple
  8722 | Temple   | Identified the cursed +1 leather armour of Impatience {+Blink rC+ Stlth+} (You found it on level 6 of the Dungeon)
  8769 | Temple   | Became a worshipper of Sif Muna the Loreminder
 10174 | D:7      | Found Nasaadug's Food Shop.
 10388 | D:7      | Noticed anything's ghost (novice TrFi)
 10592 | D:7      | Reached XP level 9. HP: 45/45 MP: 13/23
 11285 | D:8      | Reached skill level 1 in Charms
 11365 | D:8      | Reached * piety under Sif Muna
 11372 | D:8      | Reached skill level 1 in Hexes
 11480 | D:8      | Reached skill level 1 in Invocations
 11566 | D:7      | Reached skill level 1 in Fighting
 11775 | D:8      | Reached skill level 9 in Spellcasting
 11775 | D:8      | Reached skill level 5 in Conjurations
 11849 | D:8      | Gained mutation: You have large cloven feet. [mutagenic meat]
 11850 | D:8      | Gained mutation: Armour fits poorly on your strangely shaped body. [mutagenic meat]
 11851 | D:8      | Gained mutation: Your magical capacity is low (-10% MP). [mutagenic meat]
 11901 | D:8      | Reached skill level 1 in Short Blades
 12900 | D:9      | Found a shadowy altar of Dithmenos.
 13081 | D:8      | Reached ** piety under Sif Muna
 13420 | D:9      | Reached XP level 10. HP: 52/52 MP: 0/23
 13590 | D:9      | Found a staircase to the Lair.
 14305 | D:9      | Found a shattered altar of Ashenzari.
 14511 | D:10     | Entered Level 10 of the Dungeon
 15451 | D:10     | Reached skill level 5 in Fire Magic
 16031 | Lair:1   | Entered Level 1 of the Lair of Beasts
 16158 | D:10     | Reached skill level 10 in Spellcasting
 16603 | D:10     | Noticed a gargoyle
 16648 | D:10     | Killed a gargoyle
 16648 | D:10     | Reached *** piety under Sif Muna
 16785 | D:10     | Slain by an unseen horror

Skill      XL: |  1  2  3  4  5  6  7  8  9 10 |
---------------+-------------------------------+-----
Spellcasting   | 5 6 7 8 9 10 | 10.1
Stealth        | 3 4 |  4.3
Summonings     | 2 3 4 |  4.2
Dodging        | 3 4 |  4.7
Conjurations   | 2 3 4 5 |  5.5
Poison Magic   | 2 4 5 6 |  6.4
Fire Magic     | 1 2 4 5 |  5.1
Armour         | 1 2 3 4 |  4.8
Charms         | 3 4 |  4.0
Hexes          | 2 3 |  3.7
Invocations    | 3 4 |  4.2
Fighting       | 1 |  1.9
Short Blades   | 1 2 |  2.3
Translocations | 2 3 |  3.3

Action                   |  1- 3 |  4- 6 |  7- 9 | 10-12 || total
-------------------------+-------+-------+-------+-------++-------
Melee: Dagger            |    29 |     7 |    38 |       ||    74
       Hand axe          |       |     9 |       |       ||     9
 Fire: Shortbow          |       |       |    15 |       ||    15
       Blowgun           |       |       |       |     8 ||     8
Throw: Throwing net      |       |       |       |     1 ||     1
       Tomahawk          |       |       |       |     1 ||     1
 Cast: Magic Dart        |    78 |   150 |   594 |   276 ||  1098
       Call Imp          |     3 |     2 |    14 |       ||    19
       Mephitic Cloud    |       |     7 |    36 |    15 ||    58
       Blink             |       |     2 |     4 |     4 ||    10
       Conjure Flame     |       |       |    10 |     8 ||    18
       Repel Missiles    |       |       |     2 |     1 ||     3
       Slow              |       |       |     1 |       ||     1
Invok: Channel Energy    |       |       |    16 |    11 ||    27
 Abil: Blink             |       |       |       |     3 ||     3
  Use: Scroll            |       |       |    10 |       ||    10
       Potion            |       |       |     1 |     1 ||     2
 Stab: Confused          |       |     1 |     3 |       ||     4
       Sleeping          |       |     2 |     1 |       ||     3
  Eat: Chunk             |     2 |     4 |    24 |    11 ||    41
       Bread ration      |       |     1 |     3 |       ||     4
       Pizza             |       |       |     1 |       ||     1
Armor: Robe              |     7 |     6 |    16 |    22 ||    51
Dodge: Dodged            |    45 |    32 |   121 |    71 ||   269
       Deflected         |       |       |     7 |     4 ||    11
Block: Other             |       |       |    27 |    20 ||    47
       Reflection        |       |       |     4 |     4 ||     8
